 Dungeon Crawl Stone Soup version 0.16-a0-1167-g3157814 (webtiles) character file.

7136 RobertPalmer the Nimble (level 11, -8/64 HPs)
             Began as an Octopode Gladiator on Oct 9, 2014.
             Was a Follower of Qazlal.
             Mangled by a komodo dragon (33 damage)
             ... on level 1 of the Lair of Beasts.
             The game lasted 00:50:35 (14145 turns).

RobertPalmer the Nimble (Octopode Gladiator)       Turns: 14145, Time: 00:50:35

Health: -8/64      AC:  5    Str: 14    XL:     11   Next: 10%
Magic:  27/27      EV: 19    Int: 14    God:    Qazlal [*.....]
Gold:   583        SH:  2    Dex: 13    Spells: 1 memorised, 9 levels left

rFire  + . .     SeeInvis .     a - +0 dire flail
rCold  . . .     Clarity  .     (no shield)
rNeg   . . .     SustAb   +     c - +2 hat
rPois  .         Gourm    .     (no amulet)
rElec  .         Spirit   .     l - ring of protection from fire
rCorr  .         Warding  .     p - ring of protection from magic
rMut   .         Stasis   .     n - +2 ring of protection
MR     +....                    j - ring of sustain abilities
Stlth  ++........               F - ring of magical power
                                (no ring)
                                (no ring)
                                (no ring)

@: somewhat resistant to hostile enchantments, unstealthy
A: almost no armour, amphibious, 8 rings, constrict 8, camouflage 1, gelatinous
body 1
a: Renounce Religion


You were on level 1 of the Lair of Beasts.
You worshipped Qazlal.
Qazlal was aware of your devotion.
You were hungry.

You visited 2 branches of the dungeon, and saw 12 of its levels.

You collected 583 gold pieces.


Innate Abilities, Weirdness & Mutations

You cannot wear most types of armour.
You are amphibious.
You can wear up to eight rings at the same time.
You can use your tentacles to constrict many enemies at once.
Your skin changes colour to match your surroundings (Stealth).
Your rubbery body absorbs attacks (AC +1).


   Skills:
 - Level 2.0 Fighting
 - Level 11.0 Maces & Flails
 - Level 2.0 Throwing
 - Level 12.3 Dodging
 + Level 4.2 Invocations


You had 9 spell levels left.
You knew the following spells:

 Your Spells              Type           Power        Failure   Level  Hunger
R - Summon Butterflies    Summ           #.......     30%         1    ##.....

Inventory:

Hand weapons
 a - a +0 dire flail (weapon)
 b - a +0 blowgun
Missiles
 t - 4 tomahawks (quivered)
 u - 20 poisoned needles
Armour
 c - a +2 hat (worn)
Magical devices
 r - a wand of fireball (1)
 D - a wand of polymorph (0)
 J - a wand of digging (14)
 K - a wand of digging (5)
 L - a wand of polymorph (0)
 N - a wand of flame (19)
Comestibles
 f - 5 bread rations
 g - 4 beef jerkies
 k - 7 meat rations
 C - 3 fruits
 G - 2 slices of pizza
 S - a rotting chunk of quokka flesh {@*1}
Scrolls
 m - 2 scrolls of immolation {!r}
 s - 2 scrolls of amnesia
 w - 3 scrolls of teleportation
 A - a scroll of enchant armour
 I - 3 scrolls of remove curse
Jewellery
 i - an uncursed ring of fire
 j - a ring of sustain abilities (on tentacle)
 l - a ring of protection from fire (left tentacle)
 n - a +2 ring of protection (on tentacle)
 p - a ring of protection from magic (right tentacle)
 F - a ring of magical power (on tentacle)
Potions
 d - a potion of brilliance {unknown}
 e - 2 potions of flight {unknown}
 h - a potion of heal wounds {unknown}
 o - a potion of might {unknown}
 q - 2 potions of magic
 v - a potion of lignification {!q}
 x - a potion of agility
 z - a potion of invisibility {unknown}
 H - 2 potions of poison {unknown}
 P - 2 potions of mutation {unknown}
 R - 2 potions of confusion {unknown}
Books
 E - a book of Beasts
 M - a book of Conjurations
 O - a book of Geomancy
Magical staves
 B - an uncursed staff of earth {unknown}

Dungeon Overview and Level Annotations

Branches:
Dungeon (10/15)            Temple (0/1) D:5            Lair (2/8) D:10
    Orc: D:9-12

Altars:
Ashenzari
Cheibriados
Dithmenos
Fedhas
Makhleb
Qazlal
Ru
Sif Muna
Trog
Xom
Yredelemnul

Annotations:
D:10 Nergalle

#.......###......#...###.
.#..###....##.........##P..
...##.###..###..###........
.......##...#....# #..# #.
#...........#...# #..###.
#...............####
##..##. ..............##
#.##...... ......#........#
#..##.#.. ....#####.@..###
#.##..... ### ###l..###
#.###.... ##S.#.# #..P.....
.## ##...####.......#
#...######.......#........
#...S?#..................
#......................
###......♣♣...♣♣...♣♣..
#).....♣♣♣..♣♣ ♣.♣♣♣..


You could see a komodo dragon and an adder.


Message History

Okay, then.
b - a +0 blowgun (weapon)
Firing (i - inventory. (,) - cycle):
u - 23 poisoned needles (quivered)
Aim: a komodo dragon (moderately wounded)
You shoot a poisoned needle.
The poisoned needle hits the komodo dragon!
The komodo dragon is poisoned.
The komodo dragon is moderately wounded.
Firing (i - inventory. (,) - cycle):
u - 22 poisoned needles (quivered)
Aim: a komodo dragon (moderately wounded, poisoned)
You shoot a poisoned needle.
The poisoned needle hits the komodo dragon!
The komodo dragon looks even sicker.
The komodo dragon is moderately wounded.
Firing (i - inventory. (,) - cycle):
u - 21 poisoned needles (quivered)
Aim: a komodo dragon (moderately wounded, poisoned)
You shoot a poisoned needle.
The poisoned needle barely misses the komodo dragon.
a - a +0 dire flail (weapon)
Found a battleaxe.
Found a scroll of immolation.
An adder comes into view.
You barely miss the komodo dragon.
The komodo dragon is severely wounded.
The komodo dragon looks more healthy.
The komodo dragon bites you!!
* * * LOW HITPOINT WARNING * * *
Unknown command.
The komodo dragon bites you!!
Ouch! That really hurt!
You die...

Action                   |  1- 3 |  4- 6 |  7- 9 | 10-12 || total
-------------------------+-------+-------+-------+-------++-------
Melee: Flail             |    11 |       |       |       ||    11
       Whip              |    94 |    43 |       |       ||   137
       Morningstar       |       |    36 |   284 |   104 ||   424
       Dire flail        |       |       |       |   137 ||   137
 Fire: Blowgun           |       |     5 |    54 |    63 ||   122
Throw: Tomahawk          |       |    11 |     3 |     1 ||    15
       Throwing net      |       |       |     4 |       ||     4
 Cast: Summon Butterflie |       |       |       |     1 ||     1
Evoke: Wand              |       |       |     6 |    10 ||    16
  Use: Scroll            |     7 |     4 |     8 |     4 ||    23
       Potion            |       |     1 |     3 |     4 ||     8
 Stab: Sleeping          |     7 |     4 |    11 |     1 ||    23
       Distracted        |       |       |     1 |       ||     1
  Eat: Chunk             |     1 |     5 |    16 |    12 ||    34
       Pizza             |     1 |       |       |       ||     1
       Beef jerky        |       |     1 |     1 |       ||     2
       Royal jelly       |       |       |     1 |       ||     1
       Fruit             |       |       |       |     1 ||     1

Vault maps used:
D:1:      dpeg_arrival_more_subterranean_lakeside_camping
D:2:      overflow_temple_1_default, first_bread, grunt_ministairs_3,
          grunt_qazlal_clouds
D:3:      ashenzari_altar_1, gammafunk_temple_overflow_forgotten
D:4:      old_standard_altar
D:5:      old_standard_altar, lemuel_temple_firewalk_marked,
          nicolae_dithmenos_through_a_glass_darkly
D:6:      old_standard_altar, lemuel_coloured_pillars_altar
D:7:      tgw_xom, uniq_blork_the_orc
D:8:      hangedman_tree_tricks, minmay_diamond_spiral, uniq_eustachio
D:9:      lemuel_crystal_altar, uniq_psyche
D:10:     lair_0_dummy, uniq_nergalle
Lair:1:   nicolae_lair_grove_arrangements, minivault_23, serial_bayou_shore_b,
          grunt_megastairs_4
Lair:2:   uniq_erica

Notes
Turn   | Place    | Note
--------------------------------------------------------------
     0 | D:1      | RobertPalmer, the Octopode Gladiator, began the quest for the Orb.
     0 | D:1      | Reached XP level 1. HP: 14/14 MP: 1/1
    98 | D:1      | Reached XP level 2. HP: 10/19 MP: 2/2
   809 | D:2      | Reached skill level 4 in Maces & Flails
   890 | D:2      | Found a stormy altar of Qazlal.
   905 | D:2      | Reached XP level 3. HP: 24/24 MP: 3/3
   909 | D:2      | Found a sacrificial altar of Ru.
  1654 | D:3      | Found a basalt altar of Yredelemnul.
  1654 | D:3      | Found a shadowy altar of Dithmenos.
  1655 | D:3      | Found a blossoming altar of Fedhas.
  1861 | D:3      | Found a shattered altar of Ashenzari.
  2021 | D:4      | Reached skill level 5 in Maces & Flails
  2021 | D:4      | Reached XP level 4. HP: 29/29 MP: 4/4
  2305 | D:4      | Reached XP level 5. HP: 34/34 MP: 5/5
  2309 | D:4      | Found a snail-covered altar of Cheibriados.
  2440 | D:4      | Noticed a scorpion
  2447 | D:4      | Killed a scorpion
  2447 | D:4      | Reached skill level 6 in Maces & Flails
  3094 | D:5      | Entered Level 5 of the Dungeon
  3094 | D:5      | Found a deep blue altar of Sif Muna.
  3349 | D:4      | Reached XP level 6. HP: 39/39 MP: 6/6
  3575 | D:4      | Noticed a phantom
  3603 | D:4      | Killed a phantom
  3603 | D:4      | Reached skill level 7 in Maces & Flails
  4005 | D:5      | Reached XP level 7. HP: 31/45 MP: 7/7
  4172 | D:5      | Found a shadowy altar of Dithmenos.
  4393 | D:5      | Reached skill level 8 in Maces & Flails
  4427 | D:5      | Found a staircase to the Ecumenical Temple.
  4864 | D:6      | Reached skill level 9 in Maces & Flails
  4884 | D:6      | HP: 2/45 [ogre zombie/giant club[a shadow imp] (27)]
  5221 | D:6      | Reached XP level 8. HP: 41/50 MP: 8/8
  5787 | D:6      | Found a stormy altar of Qazlal.
  5975 | D:6      | Reached skill level 10 in Maces & Flails
  6557 | D:6      | Found a burning altar of Makhleb.
  6662 | D:7      | Reached skill level 11 in Maces & Flails
  6678 | D:7      | Noticed Blork the orc
  6703 | D:7      | Killed Blork the orc
  7097 | D:7      | Reached skill level 4 in Dodging
  7104 | D:7      | Reached XP level 9. HP: 50/54 MP: 9/9
  7136 | D:7      | Found a shimmering altar of Xom.
  7777 | D:7      | Learned a level 1 spell: Summon Butterflies
  7826 | D:8      | Reached skill level 5 in Dodging
  7870 | D:8      | Noticed Eustachio
  7877 | D:8      | Killed Eustachio
  8074 | D:8      | Noticed a cyclops
  8089 | D:8      | Reached skill level 6 in Dodging
  8481 | D:8      | Reached skill level 7 in Dodging
  8870 | D:8      | Reached skill level 8 in Dodging
  8907 | D:8      | Noticed a wandering mushroom
  8911 | D:8      | Killed a wandering mushroom
  8975 | D:8      | Noticed a wandering mushroom
  8980 | D:8      | Killed a wandering mushroom
  9032 | D:8      | Found a blossoming altar of Fedhas.
  9032 | D:8      | Noticed a wandering mushroom
  9032 | D:8      | Noticed a wandering mushroom
  9283 | D:8      | Reached skill level 9 in Dodging
  9474 | D:9      | Found a bloodstained altar of Trog.
  9917 | D:9      | Reached XP level 10. HP: 57/60 MP: 10/10
 10142 | D:9      | Reached skill level 10 in Dodging
 10477 | D:9      | Noticed Psyche
 10782 | D:9      | Noticed Psyche
 10782 | D:9      | Psyche changed into Psyche the hog
 10789 | D:9      | Killed Psyche the hog
 11021 | D:9      | Reached skill level 11 in Dodging
 11447 | D:6      | Became a worshipper of Qazlal Stormbringer
 11521 | D:10     | Entered Level 10 of the Dungeon
 11533 | D:10     | Noticed Nergalle
 11534 | D:10     | Noticed a spectral orc warlord
 12397 | D:10     | Found a staircase to the Lair.
 12428 | Lair:1   | Entered Level 1 of the Lair of Beasts
 12538 | Lair:1   | Acquired Qazlal's first power
 12930 | Lair:1   | Reached skill level 12 in Dodging
 13551 | Lair:2   | Noticed a black mamba
 13622 | Lair:2   | Reached skill level 1 in Invocations
 13622 | Lair:2   | Reached XP level 11. HP: 62/64 MP: 13/13
 13686 | Lair:2   | Reached skill level 2 in Invocations
 13696 | Lair:2   | Reached skill level 3 in Invocations
 13763 | Lair:2   | Reached skill level 4 in Invocations
 14145 | Lair:1   | Mangled by a komodo dragon

Vanquished Creatures
  A spiny frog (Lair:1)
  A troll (D:9)
  A queen bee (D:9)
  A baby alligator (D:9)
  A two-headed ogre (D:10)
  A hog (D:9)
  7 yaks
  A hippogriff (D:8)
  A hungry ghost (D:8)
  Eustachio (D:8)
  2 wandering mushrooms (D:8)
  A wolf (D:6)
  An orc warrior (D:10)
  An ice beast (D:8)
  2 porcupines
  A water moccasin (Lair:2)
  3 ogres
  A black bear (D:8)
  A phantom (D:4)
  A yellow wasp (D:8)
  2 crocodiles (Lair:1)
  2 centaurs
  A gnoll sergeant (D:9)
  Blork the orc (D:7)
  2 big kobolds
  9 giant frogs
  2 scorpions
  A yak zombie (D:9)
  2 killer bees (Lair:2)
  A hippogriff zombie (D:8)
  2 jellies
  A goliath beetle (D:8)
  6 hounds
  6 crimson imps
  An elf zombie (D:7)
  A giant frog skeleton (D:6)
  5 orc priests
  9 orc wizards
  4 iguanas
  A sheep (Lair:2)
  4 worker ants
  2 ogre zombies
  5 gnolls (D:9)
  7 adders
  2 orc skeletons
  7 green rats (Lair:1)
  3 giant mites
  6 shadow imps
  An orc zombie (D:6)
  4 giant geckos
  An ooze (D:1)
  37 orcs
  A giant cockroach (D:1)
  19 hobgoblins
  6 jackals (D:4)
  26 kobolds
  2 quokkas
  18 bats
  3 giant newts
  5 goblins
  2 kobold skeletons
  14 rats
  2 fungi
  A plant (D:3)
267 creatures vanquished.

Vanquished Creatures (others)
  A ball python (D:5)
  2 butterflies (D:10)
  A fungus (Lair:2)
4 creatures vanquished.

Grand Total: 271 creatures vanquished
